 Dungeon Crawl Stone Soup version 0.21.1-1-g345015f (webtiles) character file.

35 poop the Stinger (level 3, -2/22 HPs)
             Began as an Octopode Venom Mage on June 23, 2018.
             Slain by Terence
             ... wielding a +1 antimagic trident
              (8 damage)
             ... on level 2 of the Dungeon.
             The game lasted 00:15:56 (741 turns).

poop the Stinger (Octopode Venom Mage)               Turns: 741, Time: 00:15:57

Health: -2/22      AC:  1    Str:  7    XL:     3   Next: 33%
Magic:  0/6        EV: 13    Int: 17    God:
Gold:   47         SH:  0    Dex: 13    Spells: 5/6 levels left

rFire    . . .     SeeInvis .   d - +0 short sword
rCold    . . .     Gourm    .   (no shield)
rNeg     . . .     Faith    .   (helmet restricted)
rPois    .         Spirit   .   (no amulet)
rElec    .         Reflect  .   (no ring)
rCorr    .         Harm     .   (no ring)
MR       .....                  (no ring)
Stlth    +++.......             (no ring)
HPRegen  0.07/turn              (no ring)
MPRegen  0.10/turn              (no ring)
                                (no ring)
                                (no ring)

@: hasted, very quick
A: almost no armour, stealthy swim, amphibious, 8 rings, constrict 8, camouflage
1, gelatinous body 1
a: no special abilities


You were on level 2 of the Dungeon.
You were not hungry.

You visited 1 branch of the dungeon, and saw 2 of its levels.

You collected 47 gold pieces.

Inventory:

Hand Weapons
 d - a +0 short sword (weapon)
Potions
 c - a potion of haste
 h - a potion of heal wounds {unknown}
 i - a potion of mutation {unknown}
Books
 a - a Young Poisoner's Handbook

   Spells                             Type                      Level
   a - Sting                          Conjuration/Poison           1
   b - Poisonous Vapours              Poison/Air                   2
   c - Mephitic Cloud                 Conjuration/Poison/Air       3
   d - Olgreb's Toxic Radiance        Poison                       4
   e - Venom Bolt                     Conjuration/Poison           5
Comestibles
 b - 3 rations


   Skills:
 + Level 0.4 Fighting
 + Level 2.2 Dodging
 + Level 2.8 Stealth
 + Level 0.3 Unarmed Combat
 + Level 2.4 Spellcasting
 + Level 1.0 Conjurations
 + Level 4.3 Poison Magic


You had 5 spell levels left.
You knew the following spells:

 Your Spells              Type           Power        Failure   Level  Hunger
a - Sting                 Conj/Pois      ##..         6%          1    #......


Dungeon Overview and Level Annotations

Branches:
Dungeon (2/15)

Altars:

Annotations:
D:2 Terence


Innate Abilities, Weirdness & Mutations

You cannot wear most types of armour.
You are very stealthy in the water. (Stealth+)
You are amphibious.
You can wear up to eight rings at the same time.
You can use your tentacles to constrict eight enemies at once.
Your skin changes colour to match your surroundings (Stealth+).
Your rubbery body absorbs attacks. (AC +1, EV +1)


Message History

Aim: Terence, wielding an antimagic trident and wearing a chain mail (almost dead)
The sting hits Terence.
Terence appears unharmed.
Terence is almost dead.
Terence hits you from afar with an antimagic trident.
You feel your power leaking away. Terence barely misses you.
You hit Terence but do no damage. You grab Terence.
You squeeze Terence, but do no damage.
Terence is almost dead.
You constrict Terence, but do no damage.
Terence hits you with an antimagic trident!
It was a potion of haste.
You feel yourself speed up.
You constrict Terence, but do no damage.
Terence hits you with an antimagic trident.
* * * LOW HITPOINT WARNING * * *
You hit Terence but do no damage.
Terence is almost dead.
You constrict Terence, but do no damage.
Terence hits you with an antimagic trident!
You die...

#.............P≈P...
#†...#.........≈....
#....#..###.⌠..P....
#..##.....#...#.........
#..##.....###.#.........##
#..####.#.###...####.##..#
#...###........#.# #.# #.##
#..#....#.###.#.###.###..###.
#####...........@@..)............
.........#.##.###r#(###.####....#
...........##.# #...# #.# ###.#
...........##.# ###.##..# ..
.........#..#.# #.#..## .
.........##...# ###...#
.)............###.....#
.........##...........###
.........# #............########.


You could see Terence and a rat.

Vanquished Creatures
  A worker ant (D:2)
  2 bats (D:2)
  A giant cockroach (D:2)
  A goblin (D:2)
  3 kobolds (D:2)
  2 frilled lizards (D:2)
  A rat (D:2)
11 creatures vanquished.

Notes
Turn   | Place    | Note
-------+----------+-------------------------------------------
     0 | D:1      | poop the Octopode Venom Mage began the quest for the Orb.
     0 | D:1      | Reached XP level 1. HP: 11/11 MP: 3/3
   392 | D:2      | Noticed a worker ant
   419 | D:2      | Killed a worker ant
   419 | D:2      | Reached skill level 4 in Poison Magic
   419 | D:2      | Reached XP level 2. HP: 7/17 MP: 0/5
   419 | D:2      | Reached XP level 3. HP: 8/21 MP: 0/6
   659 | D:2      | Noticed Terence
   741 | D:2      | Slain by Terence

Skill      XL: |  1 |
---------------+----+-----
Poison Magic   | 4 |  4.3
Fighting       | |  0.4
Dodging        | |  2.2
Stealth        | |  2.8
Unarmed Combat | |  0.3
Spellcasting   | |  2.4
Conjurations   | |  1.0

Action                   || total
-------------------------++-------
Melee: Unarmed           ||    11
       Short sword       ||    10
       Constrict         ||     8
       Tentacles         ||     2
 Cast: Sting             ||    23
  Use: Scroll            ||     1
       Potion            ||     1
Armor: Skin              ||    10
Dodge: Dodged            ||    51
